 Dungeon Crawl Stone Soup version 0.29-a0-284-gf9362112df (webtiles) character file.

Game seed: 2889397217811175101

94 iguanaiguana the Caller (level 4, 0/28 HPs)
             Began as a Felid Summoner on Mar 17, 2022.
             Succumbed to an adder's poison
             ... on level 2 of the Dungeon.
             The game lasted 00:11:27 (3776 turns).

iguanaiguana the Caller (Felid Summoner)            Turns: 3776, Time: 00:11:27

Health: 0/28       AC:  1    Str:  4    XL:     4   Next: 38%
Magic:  4/8        EV: 17    Int: 18    God:
Gold:   62         SH:  0    Dex: 17    Spells: 1/7 levels left
                                        Lives:  0   Deaths: 1

rFire   . . .      SeeInvis +   (weapon unavailable)
rCold   . . .      Faith    .   (shield unavailable)
rNeg    . . .      Spirit   .   (body armour unavailable)
rPois   .          Reflect  .   (helmet unavailable)
rElec   .          Harm     .   (cloak unavailable)
rCorr   .          Rampage  .   (gloves unavailable)
Will    .....                   (boots unavailable)
Stlth   ..........              (no amulet)
HPRegen 0.09/turn               (no ring)
MPRegen 0.11/turn               (no ring)

@: berserking, lethally poisoned (0 -> -4), very quick
A: very small, claws 1, fangs 3, see invisible, speed 1, shaggy fur 1, stealthy
paws, no weapons or thrown items, no armour, multi-lived
a: no special abilities


You were on level 2 of the Dungeon.
You visited 1 branch of the dungeon, and saw 3 of its levels.

You collected 62 gold pieces.

Inventory:

Wands
 d - a wand of polymorph (2)
Potions
 a - a potion of magic
 e - a potion of mutation


   Skills:
 + Level 2.3 Fighting
 - Level 2.6 Dodging
 - Level 2.6 Stealth
 - Level 2.0 Spellcasting
 * Level 3.1 Hexes
 * Level 5.5 Summonings


You had one spell level left.
You knew the following spells:

 Your Spells              Type           Power      Damage    Failure   Level
a - Summon Small Mammal   Summ           84%        N/A       1%          1
b - Call Imp              Summ           21%        N/A       2%          2
c - Call Canine Familiar  Summ           21%        N/A       5%          3

Your spell library contained the following spells:

 Spells                   Type           Power      Damage    Failure   Level
 Summon Guardian Golem    Hex/Summ       17%        N/A       9%          3
 Summon Lightning Spire   Summ/Air       11%        N/A       50%         4


Dungeon Overview and Level Annotations

Branches:
Dungeon (3/15)

Altars:

Shops:
D:1 [


Innate Abilities, Weirdness & Mutations

You have sharp claws.
You have razor-sharp teeth.
You have supernaturally acute eyesight. (SInv)
You cover ground quickly. (Speed+)
You are covered in fur. (AC +1)
Your paws help you pounce on unaware monsters.
You are incapable of wielding weapons or throwing items.
You cannot wear armour.
You gain extra lives every three experience levels.


Message History

You feel sick.
Your hound completely misses the adder.
The adder completely misses you.
You scratch the adder but do no damage.
The adder is severely wounded.
You feel sick.
Your hound closely misses the adder.
The adder closely misses you.
Your hound completely misses the adder.
You barely miss the adder.
The adder is severely wounded.
You feel sick. The adder bites you.
* * * LOW HITPOINT WARNING * * *
Your hound misses the adder. The adder bites you but does no damage.
You scratch the adder.
The adder is severely wounded.
You feel sick.
You are no longer poisoned.
Your hound completely misses the adder.
The adder completely misses you.
Your crimson imp closely misses the adder.
Your hound splashes around in the water.
It was a potion of cancellation.
You feel magically purged. The adder completely misses you.
Your hound splashes around in the water.
Your crimson imp closely misses the adder.
You barely miss the adder.
The adder is severely wounded.
Your hound bites the adder.
The adder misses you.
Your crimson imp closely misses the adder.
Your hound splashes around in the water.
You closely miss the adder. You bite the adder, but do no damage.
The adder is almost dead.
The adder bites you.
* * * LOW HITPOINT WARNING * * *
You are lethally poisoned!
The adder poisons you!
Your hound bites the adder.
The adder dies!
A red film seems to cover your vision as you go berserk!
You feel yourself moving faster!
You feel mighty!
* * * LOW HITPOINT WARNING * * *
You feel sick.
You feel a strong urge to attack something.
You die...

**,**≈≈....≈≈≈≈≈≈**5*
**,,*≈≈....≈≈≈≈≈≈≈*,*
**,**≈≈≈..≈P≈≈≈≈≈,,,*
,,,**♣≈...≈≈≈≈≈≈*****
*****.≈...≈P≈≈≈♣*
**,,,.....≈≈≈≈≈♣
,,,**#....♣≈≈≈≈♣#
**,**#)#..≈≈≈≈†5#########
*,**.....≈≈≈≈♣.@##.....#######
*,**)##.##≈)♣###.#.#.........#
*,**,**,*##)# *#..#.#.#####.#
*,,,,,,,* #.# #....#.# #.###
***,,,*** #.## ##).###.# #....
*,,,* ##.###.#.###.# #####
****.,,* ####._..#.....#
*,,...,* #.......###########
*,P♣...####.####.....##.....#
##


You could see a friendly crimson imp (summoned).

Vanquished Creatures
  2 goblins (D:2)
  A jackal (D:2)
  A kobold (D:1)
4 creatures vanquished.

Vanquished Creatures (collateral kills)
  A scorpion (D:2)
  Robin (D:2)
  3 adders (D:2)
  A worm (D:2)
  2 dart slugs
  7 ball pythons (D:1)
  4 endoplasms
  A giant cockroach (D:2)
  10 hobgoblins
  5 jackals
  2 kobolds (D:1)
  A quokka (D:2)
  5 bats
  3 frilled lizards
  8 goblins
  3 rats
57 creatures vanquished.

Vanquished Creatures (others)
  46 plants (D:2)
46 creatures vanquished.

Grand Total: 107 creatures vanquished

Notes
Turn   | Place    | Note
-------+----------+-------------------------------------------
     0 | D:1      | iguanaiguana the Felid Summoner began the quest for the
                  | Orb.
     0 | D:1      | Reached XP level 1. HP: 7/7 MP: 4/4
   346 | D:1      | Reached XP level 2. HP: 12/12 MP: 3/6
   465 | D:1      | Reached skill level 1 in Fighting
   873 | D:1      | Found Qobiof's Armour Emporium.
  1041 | D:1      | Learned a level 2 spell: Call Imp
  1063 | D:1      | Reached XP level 3. HP: 15/15 MP: 5/7
  1071 | D:1      | Learned a level 3 spell: Call Canine Familiar
  1758 | D:2      | Reached skill level 5 in Summonings
  2068 | D:2      | Reached skill level 1 in Hexes
  2104 | D:2      | Reached XP level 4. HP: 19/19 MP: 0/8
  2176 | D:2      | Found a faded altar of an unknown god.
  2179 | D:2      | Noticed a scorpion
  2219 | D:2      | Killed a scorpion
  2390 | D:2      | Noticed Robin
  2699 | D:2      | Reached XP level 5. HP: 22/22 MP: 5/9
  2910 | D:2      | Killed Robin
  2912 | D:2      | Slain by a jackal
  2913 | D:2      | Reached XP level 4. HP: 0/19 MP: 5/8
  3441 | D:2      | Found a faded altar of an unknown god.
  3775 | D:2      | HP: 1/28 [poisoned by an adder]
  3776 | D:2      | Succumbed to an adder's poison

Illustrated notes

Levels and vault maps discovered:
D:1:      minmay_arrival_wavy_path, layout_loops_ring, serial_shops, shop,
          kennysheep_small_spiral
D:2:      layout_loops_cross, basic_ecumenical_altar, serial_bayou,
          serial_bayou_lagoon_a, serial_bayou_ford_a, serial_bayou_crossing,
          serial_bayou_pond_e, uniq_robin
D:3:      layout_loops_ring, serial_rivers, chequers_serial_rivers_room_a,
          chequers_serial_rivers_micro_a, chequers_serial_rivers_room_a,
          chequers_serial_rivers_room_b, minmay_distorted

Skill      XL: |  1  2  3  4 |
---------------+-------------+-----
Fighting       | 1 2 |  2.3
Summonings     | 5 |  5.5
Hexes          | 1 3 |  3.1
Dodging        | |  2.6
Stealth        | |  2.6
Spellcasting   | |  2.0

Action                   |  1- 3 |  4- 6 || total
-------------------------+-------+-------++-------
Melee: Unarmed           |    20 |    27 ||    47
       Bite              |     2 |     3 ||     5
 Cast: Summon Small Mamm |    71 |    10 ||    81
       Call Imp          |     6 |    23 ||    29
       Call Canine Famil |       |     3 ||     3
  Use: Scroll            |       |     4 ||     4
       Potion            |       |     2 ||     2
 Stab: Distracted        |       |     1 ||     1
Armor: Skin              |     2 |     4 ||     6
Dodge: Dodged            |    42 |    45 ||    87

Table legend: (Time is in decaauts)
 A = Elapsed time spent in this place.
 B = Non-inter-level travel time spent in this place.
 C = Inter-level travel time spent in this place.
 D = Time resting spent in this place.
 E = Time spent auto-exploring this place.
 F = Levels seen in this place.
 G = Mean time per level.
                   A        B        C        D        E       F      G
               +--------+--------+--------+--------+--------+-----+--------+
         Total |   3450 |   3376 |     74 |    663 |   1997 |   3 | 1150.0 |
       Dungeon |   3450 |   3376 |     74 |    663 |   1997 |   3 | 1150.0 |
               +--------+--------+--------+--------+--------+-----+--------+

Top non-repeatable levels by time:
     D:2: 1967 daAuts
     D:1: 1478 daAuts
     D:3: 4 daAuts
